 Dungeon Crawl Stone Soup version 0.29.1-2-gbd0b4ee654 (webtiles) character file.

Game seed: 4905943712382956410

6428 FizzleBangTC the Thaumaturge (level 11, -4/102 HPs)
             Began as a Meteoran Earth Elementalist on Nov 28, 2022.
             Was a Follower of Ashenzari.
             Slain by an eight-headed hydra (7 damage)
             ... on level 1 of the Lair of Beasts.
             The game lasted 00:30:16 (1305 turns).

FizzleBangTC the Thaumaturge (MeEE)                 Turns: 1305, Time: 00:30:17

Health: -4/102     AC: 13    Str: 10    XL:     11   Next: 41%
Magic:  10/27      EV: 11    Int: 20    God:    Ashenzari [*.....]
Gold:   253        SH:  0    Dex: 24    Spells: 26/32 levels left

rFire   . . .      SeeInvis +   a - +7 hand axe "Unyomuy" {flame, rPois rC+ Dex+4}
rCold   + . .      Faith    .   (no shield)
rNeg    . . .      Spirit   .   m - +5 ring mail "Vuhiuv" {rCorr Dex+4}
rPois   +          Reflect  .   (no helmet)
rElec   .          Harm     .   d - +2 cloak "Oracular Boredom" {Evo, Fort} (curse)
rCorr   +          Rampage  .   (no gloves)
Will    +....                   (no boots)
Stlth   +.........              (no amulet)
HPRegen 0.27/turn               j - ring "Ordeal of Ashenzari" {SInv, Comp, Evo} (curse)
MPRegen 0.20/turn               k - ring of resist corrosion

@: glowing
A: sense surroundings 2, otherworldly, glowing, explore regen
a: Renounce Religion, Shatter the Chains


You were on level 1 of the Lair of Beasts.
You worshipped Ashenzari.
Ashenzari was aware of your devotion.
You visited 2 branches of the dungeon, and saw 13 of its levels.

You collected 253 gold pieces.

Inventory:

Hand Weapons
 a - the +7 hand axe "Unyomuy" (weapon) {flame, rPois rC+ Dex+4}
   (You found it on level 2 of the Dungeon)

   It burns those it strikes, dealing additional fire damage.
   Big, fiery blades are also staple armaments of hydra-hunters.
   Dex:       It affects your dexterity (+4).
   rC:        It protects you from cold.
   rPois:     It protects you from poison.
 i - a +1 dagger
Missiles
 n - a throwing net {=F =f !f}
 v - 5 poisoned darts
Armour
 c - a +0 robe
 d - the cursed +2 cloak "Oracular Boredom" (worn) {Evo, Fort}
   (You found it on level 1 of the Dungeon)

   It has a curse which improves the following skills: Evocations: Evocations.
   Fortitude: Armour and Shields.
 m - the +5 ring mail "Vuhiuv" (worn) {rCorr Dex+4}
   (You found it on level 5 of the Dungeon)

   Dex:       It affects your dexterity (+4).
   rCorr:     It protects you from acid and corrosion.
Jewellery
 g - a ring of fire
 j - the cursed ring "Ordeal of Ashenzari" (left hand) {SInv, Comp, Evo}
   (You found it on level 3 of the Dungeon)

   [ring of see invisible]

   SInv:      It lets you see invisible.
   It has a curse which improves the following skills: Companions: Summonings
   and Necromancy.
   Evocations: Evocations.
 k - a ring of resist corrosion (right hand)
Wands
 q - a wand of roots (5)
 r - a wand of charming (10)
Scrolls
 b - a scroll of magic mapping
 f - 5 scrolls of teleportation
 o - a scroll of vulnerability
 u - a scroll of poison
Potions
 e - a potion of invisibility {@w1}
 h - 3 potions of curing {@q1}
 l - 2 potions of heal wounds
 p - 2 potions of magic
 s - 2 potions of berserk rage
 t - a potion of might


   Skills:
 + Level 11.1 Fighting
 - Level 2.4 Dodging
 - Level 1.4 Stealth
 + Level 11.4 Spellcasting
 - Level 3.0 Conjurations
 - Level 1.2 Transmutations
 - Level 9.0 Earth Magic
 - Level 5.2(6.5) Evocations


You had 26 spell levels left.
You knew the following spells:

 Your Spells              Type           Power      Damage    Failure   Level
a - Sandblast             Erth           94%        2d19      1%          1
b - Stone Arrow           Conj/Erth      70%        3d11      4%          3
z - Passwall              Tmut/Erth      25%        N/A       3%          2

Your spell library contained the following spells:

 Spells                   Type           Power      Damage    Failure   Level
 Petrify                  Tmut/Erth      31%        N/A       19%         4


Dungeon Overview and Level Annotations

Branches:
Dungeon (12/15) Zot: 5837  Temple (0/1) D:7            Lair (1/5) D:9 Zot: 586
    Orc: D:9-12

Altars:
Ashenzari
Okawaru

Shops:
D:1 (

Annotations:
D:8 Gastronok


Innate Abilities, Weirdness & Mutations

You passively map the area around you.
You are easily found by Zot.
You glow in the dark.
You regain HP and MP as you explore.


Message History

Found a stone staircase leading down.
You have a vision of a gate.
There is a staircase back to the Dungeon here.
Unknown command.
Unknown command.
Okay, then.
Okay, then.
Aiming: Stone Arrow (mildly dangerous; 4% risk of failure)
Press: ? - help, Shift-Dir - straight line, f - cane toad
Aim: a cane toad (77% to hit)
The stone arrow misses the cane toad.
Aiming: Stone Arrow (mildly dangerous; 4% risk of failure)
Press: ? - help, Shift-Dir - straight line, f/p - cane toad
Aim: a cane toad (77% to hit)
The stone arrow misses the cane toad.
Aiming: Stone Arrow (mildly dangerous; 4% risk of failure)
Press: ? - help, Shift-Dir - straight line, f/p - cane toad
Aim: a cane toad (77% to hit)
The stone arrow hits the cane toad!
The cane toad is moderately wounded.
The cane toad stings you.
An eight-headed hydra comes into view.
Aiming: Stone Arrow (mildly dangerous; 4% risk of failure)
Press: ? - help, Shift-Dir - straight line, f/p - cane toad
Aim: a cane toad (moderately wounded, 77% to hit)
The stone arrow hits the cane toad!!
The cane toad is severely wounded.
The eight-headed hydra roars!
The cane toad stings you!
Aiming: Stone Arrow (mildly dangerous; 4% risk of failure)
Press: ? - help, Shift-Dir - straight line, f/p - cane toad
Aim: a cane toad (severely wounded, 77% to hit)
The stone arrow hits the cane toad!!
You kill the cane toad!
The water moccasin bites you but does no damage. x2
Your Fighting skill increases to level 11!
Aiming: Sandblast (safe; 1% risk of failure)
Press: ? - help, Shift-Dir - straight line, f - water moccasin
Aim: a water moccasin (75% to hit)
The blast of sand hits the water moccasin!
The water moccasin is moderately wounded.
The water moccasin bites you but does no damage.
The water moccasin bites you.
Aiming: Sandblast (safe; 1% risk of failure)
Press: ? - help, Shift-Dir - straight line, f/p - water moccasin
Aim: a water moccasin (moderately wounded, 75% to hit)
The blast of sand hits the water moccasin!!
The water moccasin is almost dead.
The water moccasin bites you but does no damage.
The water moccasin completely misses you.
Aiming: Sandblast (safe; 1% risk of failure)
Press: ? - help, Shift-Dir - straight line, f/p - water moccasin
Aim: a water moccasin (almost dead, 75% to hit)
The blast of sand hits the water moccasin!
You kill the water moccasin!
You barely miss the eight-headed hydra.
The eight-headed hydra bites you but does no damage.
The eight-headed hydra closely misses you.
The eight-headed hydra bites you! x2
The eight-headed hydra bites you but does no damage. x2
The eight-headed hydra barely misses you. x2
You completely miss the eight-headed hydra.
The eight-headed hydra bites you but does no damage.
The eight-headed hydra bites you! x2
The eight-headed hydra bites you but does no damage. x2
The eight-headed hydra bites you! The eight-headed hydra bites you.
The eight-headed hydra bites you but does no damage.
The eight-headed hydra bites you.
The eight-headed hydra bites you but does no damage.
The eight-headed hydra bites you!
* * * LOW HITPOINT WARNING * * *
The eight-headed hydra bites you!
* * * LOW HITPOINT WARNING * * *
The eight-headed hydra bites you but does no damage.
The eight-headed hydra bites you.
* * * LOW HITPOINT WARNING * * *
The eight-headed hydra bites you.
* * * LOW HITPOINT WARNING * * *
The eight-headed hydra closely misses you.
Unknown command.
Unknown command.
Unknown command.
Press: ? - help, v - describe, . - travel
Here: an eight-headed hydra The floor, spattered with blood.
Unknown command.
Unknown command.
Aiming: Charm
Press: ? - help, Shift-Dir - straight line, f - eight-headed hydra
Aim: an eight-headed hydra (chance to affect: 29%)
Okay, then.
Unknown command.
Unknown command.
Aiming: Charm
Press: ? - help, Shift-Dir - straight line, f - eight-headed hydra
Aim: an eight-headed hydra (chance to affect: 29%)
The eight-headed hydra easily resists.
The eight-headed hydra bites you!
* * * LOW HITPOINT WARNING * * *
The eight-headed hydra bites you!
You die...

,, * ,,, , ** *
, ,#... , ,,** ,
, ,,#..8 * , * ,
,,#..., * *.
#... * .. * ,
#.... ####... *
,
**#...##.......
, ,
#...D........ *
* #.@.......,
*,, * ,
#...~....#... ,
*
..~.~~~~~.~....,
* ,
..~~≈~≈≈≈~.....,
, ,
*.~~≈≈~≈~~≈~....
,** ,,
#.~≈~...~≈~....,
, *
#~~≈~.>~~~≈~.#.
* ,
#.~~~~~.≈≈~... ,
* ** *, ~ ~ ,
,**


You could see an eight-headed hydra.

Vanquished Creatures
  A hydra (D:11)
  The ghost of Mig the Shooter, a novice DsHu of Yredelemnul (D:5)
  Maurice (D:8)
  A cane toad (Lair:1)
  2 trolls
  A shadow (D:11)
  3 wyverns (D:9)
  A basilisk (D:9)
  7 yaks
  A steam dragon (D:6)
  Menkaure (D:4)
  3 water moccasins
  An acid dragon (D:8)
  A sky beast (D:7)
  An ice beast (D:5)
  An ogre (D:7)
  8 centaurs
  A kobold brigand (D:9)
  A necrophage (D:6)
  A bullfrog (D:9)
  A scorpion (D:4)
  2 wights
  2 killer bees (D:7)
  2 howler monkeys
  A hound (D:6)
  2 orc priests (D:8)
  2 jellies
  Jessica (D:2)
  5 iguanas
  4 orc wizards
  A centaur simulacrum (D:5)
  3 bullfrog simulacra (D:5)
  2 adders (D:4)
  A howler monkey simulacrum (D:5)
  2 dart slugs (D:5)
  10 orcs
  A ball python (D:3)
  3 bats
  4 endoplasms
  2 goblins
  2 hobgoblins
  3 jackals (D:4)
  7 kobolds
  2 quokkas
  2 frilled lizards
  2 rats (D:1)
107 creatures vanquished.

Vanquished Creatures (others)
  13 plants (D:9)
13 creatures vanquished.

Grand Total: 120 creatures vanquished

Notes
Turn   | Place    | Note
-------+----------+-------------------------------------------
     0 | D:1      | FizzleBangTC the Meteoran Earth Elementalist began the
                  | quest for the Orb.
     0 | D:1      | Reached XP level 1. HP: 14/14 MP: 5/5
     9 | D:1      | Found Mosk's Weapon Emporium.
    34 | D:1      | Reached XP level 2. HP: 19/20 MP: 2/6
    39 | D:1      | Learned a level 2 spell: Passwall
    64 | D:1      | Found a faded altar of an unknown god.
   146 | D:2      | Reached XP level 3. HP: 26/26 MP: 5/8
   150 | D:2      | Learned a level 3 spell: Stone Arrow
   163 | D:2      | Identified the +7 hand axe "Unyomuy" {flame, rPois rC+
                  | Dex+4}
   181 | D:2      | Noticed Jessica
   183 | D:2      | Killed Jessica
   184 | D:2      | Reached skill level 1 in Conjurations
   184 | D:2      | Reached skill level 5 in Earth Magic
   184 | D:2      | Reached XP level 4. HP: 33/33 MP: 4/9
   274 | D:4      | Noticed Menkaure
   279 | D:4      | HP: 5/33 [Menkaure (14)]
   280 | D:4      | Killed Menkaure
   281 | D:4      | Reached XP level 5. HP: 6/38 MP: 0/10
   281 | D:4      | Reached XP level 6. HP: 7/45 MP: 0/11
   380 | D:5      | Entered Level 5 of the Dungeon
   435 | D:4      | Reached XP level 7. HP: 46/50 MP: 1/15
   465 | D:5      | Identified the +5 ring mail "Vuhiuv" {rCorr Dex+4}
   559 | D:5      | Found a runed translucent gate.
   559 | D:5      | Found a runed translucent gate.
   559 | D:5      | Found a runed translucent gate.
   579 | D:5      | Noticed Mig's ghost (novice DsHu)
   595 | D:5      | Killed Mig's ghost
   596 | D:5      | Reached XP level 8. HP: 33/61 MP: 5/16
   668 | D:6      | Found a broken altar of Ashenzari.
   684 | D:6      | Became a worshipper of Ashenzari the Shackled
   732 | D:6      | Noticed a steam dragon
   737 | D:6      | Reached skill level 5 in Fighting
   741 | D:6      | Killed a steam dragon
   742 | D:6      | Gained mutation: You passively map the area around you.
                  | [Meteoran growth]
   742 | D:6      | Reached XP level 9. HP: 75/75 MP: 7/17
   766 | D:6      | Reached skill level 5 in Spellcasting
   824 | D:6      | Found an iron altar of Okawaru.
   882 | D:8      | Noticed Maurice
   888 | D:8      | Killed Maurice
   923 | D:8      | Noticed Gastronok
   935 | D:9      | Noticed a troll
   939 | D:9      | Killed a troll
   940 | D:9      | Reached skill level 5 in Evocations
   940 | D:9      | Reached XP level 10. HP: 70/86 MP: 10/22
  1118 | D:10     | Entered Level 10 of the Dungeon
  1143 | D:11     | Noticed a four-headed hydra
  1147 | D:11     | Killed a four-headed hydra
  1148 | D:11     | Reached skill level 10 in Spellcasting
  1148 | D:11     | Reached XP level 11. HP: 99/99 MP: 19/26
  1154 | D:11     | Reached skill level 10 in Fighting
  1177 | D:12     | Reached * piety under Ashenzari
  1256 | D:9      | Found a staircase to the Lair.
  1294 | Lair:1   | Entered Level 1 of the Lair of Beasts
  1297 | Lair:1   | Noticed an eight-headed hydra
  1304 | Lair:1   | HP: 14/102 [eight-headed hydra (10)]
  1305 | Lair:1   | HP: 3/102 [eight-headed hydra (7)]
  1305 | Lair:1   | Slain by an eight-headed hydra

Illustrated notes

Levels and vault maps discovered:
D:1:      minmay_arrival_solitary_statue, layout_basic,
          dreamdust_ecumenical_altar_angels_and_demons, serial_shops, shop,
          nicolae_shop_bloodbath_and_beyond, nicolae_shop_hallway_stairs,
          supply_closet_lemuel, dreamdust_wishing_well
D:2:      layout_basic, nrook_campfire, chequers_serial_rivers_large_a,
          uniq_jessica
D:3:      layout_loops_cross, nicolae_dithmenos_through_a_glass_darkly,
          serial_shops, nicolae_shop_trees
D:4:      layout_loops_ring, serial_shops, shop, dilly_guarded_unrand_throatcut,
          uniq_natasha, uniq_menkaure, uniq_robin
D:5:      layout_gridville, makhleb_blood_cavern_becter, gammafunk_ghost_icy,
          kennysheep_cross_bottleneck
D:6:      layout_rooms, amcnicky_altar_gilded, lemuel_tele_altar
D:7:      layout_loops_ring, mainiacjoe_overflow_small_starburst,
          minmay_temple_entry_trees, nicolae_elevator_lobby_asterisk
D:8:      layout_cave_pods, uniq_maurice, uniq_gastronok
D:9:      layout_roguey, minmay_lair_entry_grove, orc_0_dummy, serial_shops,
          shop
D:10:     layout_gridville, xom_teletrap_fun, grunt_temple_overflow_holy_war,
          grunt_ministairs_4, minmay_fractal_squares_gapless_7
D:11:     layout_cave_pools
D:12:     layout_basic
Lair:1:   layout_misc_corridors, gauntlet_entry_generic, fungi_pond_lemuel,
          grunt_megastairs_3, serial_bayou_shore_a, infiniplex_staircase_pool_2,
          uniq_amaemon

Skill      XL: |  1  2  3  4  5  6  7  8  9 10 11 |
---------------+----------------------------------+-----
Earth Magic    | 4 5 7 9 |  9.0
Conjurations   | 1 2 3 |  3.0
Spellcasting   | 3 4 7 10 11 | 11.4
Fighting       | 2 5 7 9 11 | 11.1
Evocations     | 5 |  5.2
Dodging        | |  2.4
Stealth        | |  1.4
Transmutations | |  1.2

Action                   |  1- 3 |  4- 6 |  7- 9 | 10-12 || total
-------------------------+-------+-------+-------+-------++-------
Melee: Hand axe          |       |     1 |       |     9 ||    10
Throw: Throwing net      |       |       |     1 |       ||     1
 Cast: Sandblast         |    21 |    29 |    50 |    26 ||   126
       Passwall          |     5 |     2 |    11 |     9 ||    27
       Stone Arrow       |       |     1 |    24 |    48 ||    73
Invok: Curse Item        |       |       |     1 |     1 ||     2
Evoke: Wand              |       |       |       |     4 ||     4
  Use: Scroll            |       |     9 |     5 |     3 ||    17
       Potion            |       |       |     3 |     1 ||     4
Armor: Robe              |     4 |     3 |       |       ||     7
       Ring mail         |       |       |    34 |    49 ||    83
Dodge: Dodged            |     1 |     8 |    19 |    47 ||    75

Table legend: (Time is in decaauts)
 A = Elapsed time spent in this place.
 B = Non-inter-level travel time spent in this place.
 C = Inter-level travel time spent in this place.
 D = Time resting spent in this place.
 E = Time spent auto-exploring this place.
 F = Levels seen in this place.
 G = Mean time per level.
                   A        B        C        D        E       F      G
               +--------+--------+--------+--------+--------+-----+--------+
         Total |   1375 |   1375 |      0 |      0 |      0 |  13 |  105.8 |
       Dungeon |   1362 |   1362 |      0 |      0 |      0 |  12 |  113.5 |
          Lair |     12 |     12 |      0 |      0 |      0 |   1 |   12.0 |
               +--------+--------+--------+--------+--------+-----+--------+

Top non-repeatable levels by time:
     D:5: 261 daAuts
     D:9: 211 daAuts
     D:4: 199 daAuts
     D:6: 155 daAuts
     D:1: 135 daAuts
     D:8: 101 daAuts
    D:11: 98 daAuts
     D:2: 65 daAuts
     D:7: 62 daAuts
     D:3: 33 daAuts
    D:10: 31 daAuts
  Lair:1: 12 daAuts
    D:12: 7 daAuts

Table legend:
 A = Kills in this place as a percentage of kills in entire the game.
 B = Kills by you in this place as a percentage of kills by you in the entire game.
 C = Kills by friends in this place as a percentage of kills by friends in the entire game.
 D = Other kills in this place as a percentage of other kills in the entire game.
 E = Experience gained in this place as a percentage of experience gained in the entire game.
 F = Experience gained in this place divided by the number of levels of this place that you have seen.
                   A       B       C       D       E      F
               +-------+-------+-------+-------+-------+----------------------
         Total | 100.0 | 100.0 |   N/A |   N/A | 100.0 | 706.5
       Dungeon |  98.1 |  98.1 |   N/A |   N/A |  93.8 | 718.0
          Lair |   1.9 |   1.9 |   N/A |   N/A |   6.2 | 568.0
               +-------+-------+-------+-------+-------+----------------------
